 Dungeon Sprint DCSS version 0.22-a0-785-g6253c82ace (webtiles) character file.

612 Htamos the Warrior (level 7, -10/100 HPs)
             Began as an Ogre Berserker on July 20, 2018.
             Was a Believer of Trog.
             Mangled by Sonja
             ... wielding a +0 short sword of distortion
              (20 damage)
             ... in the Dungeon (Sprint I: "Red Sonja").
             The game lasted 00:02:56 (647 turns).

Htamos the Warrior (Ogre Berserker)                  Turns: 647, Time: 00:02:56

Health: -10/100    AC:  3    Str: 24    XL:     7   Next: 44%
Magic:  7/7        EV: 10    Int:  8    God:    Trog [**....]
Gold:   412        SH:  0    Dex:  8    Spells: 6/6 levels left

rFire    . . .     SeeInvis .   e - +0 giant club
rCold    . . .     Gourm    .   (shield currently unavailable)
rNeg     . . .     Faith    .   b - +0 animal skin
rPois    .         Spirit   .   (helmet restricted)
rElec    .         Reflect  .   (no cloak)
rCorr    .         Harm     .   (gloves unavailable)
MR       ++...     NoTele   +   (boots unavailable)
Stlth    +.........             (no amulet)
HPRegen  1.26/turn              (no ring)
MPRegen  0.10/turn              (no ring)

@: lethally poisoned (-10 -> -10), regenerating, hasted, very quick
A: large, unfitting armour, tough skin 1
a: Berserk, Trog's Hand, Renounce Religion


You were in the Dungeon.
You worshipped Trog.
Trog was pleased with you.
You were not hungry.

You visited 1 branch You collected 412 gold pieces.

Inventory:

Hand Weapons
 a - a +0 mace
 e - a +0 giant club (weapon)
 j - a +1 scythe of distortion
Armour
 b - a +0 animal skin (worn)
Scrolls
 i - a scroll of blinking
 k - a scroll of fear {unknown}
Potions
 g - 2 potions of magic
Comestibles
 c - 2 rations


   Skills:
 * Level 15.9 Fighting
 + Level 8.8 Maces & Flails
 - Level 2.6 Dodging


You had 6 spell levels left.
You didn't know any spells.
Your spell library was empty.

Dungeon Overview and Level Annotations

Branches:
Dungeon (1/1)

Altars:
Cheibriados
Dithmenos
Elyvilon
Fedhas
Gozag
Hepliaklqana
Kikubaaqudgha
Makhleb
Nemelex Xobeh
Okawaru
Qazlal
Ru
Sif Muna
Trog
Uskayaw
Vehumet
Wu Jian
Xom
Yredelemnul
Zin
The Shining One
Jiyva
Lugonu

Shops:
D (

Annotations:
D Sonja


Innate Abilities, Weirdness & Mutations

You are too large for most types of armour.
You have tough skin. (AC +1)


Message History

You feel resistant to hostile enchantments.
You feel somewhat more hungry.
You feel sick.
Sonja gestures wildly while chanting.
Sonja blinks!
Sonja moves out of view.
You close the door.
You feel sick.
You start resting.
You feel sick.
Sonja, the Graceful Assassin opens the door.
She is wielding a short sword of distortion.
There's a creature in the doorway!
You miss Sonja.
You feel sick.
Sonja gestures wildly while chanting.
Sonja blinks!
You close the door.
You start resting.
You feel sick. x2
Sonja, the Graceful Assassin opens the door.
She is wielding a short sword of distortion.
You miss Sonja.
Sonja hits you with an uncursed short sword of distortion.
* * * LOW HITPOINT WARNING * * *
Sonja hits you but does no damage. Space warps horribly around you!
You die...

######################
#<.#K.§..#..+..#__#..+
#..'[.#..'[.#..'^.'..#
#..#####'#####+#__####
#..####..#...#.####
#.K#__####.@##.#
#..#_____##K#_.+
#⌠⌠#_.∩...'.(._#
####_..__##_.#'#
#_____###(#.# #######
#.### +$.$+ #$.$#
##.##


You could see Sonja.

Vanquished Creatures
  A slime creature (D)
  Sigmund (D)
  A yak (D)
  An ogre (D)
  A jelly (D)
  Ijyb (D)
6 creatures vanquished.

Notes
Turn   | Place    | Note
-------+----------+-------------------------------------------
     0 | D        | Htamos the Ogre Berserker began the quest for the Orb.
     0 | D        | Reached XP level 1. HP: 24/24 MP: 1/1
     1 | D        | Noticed Ijyb
     6 | D        | Killed Ijyb
     6 | D        | Reached skill level 7 in Fighting
     6 | D        | Reached XP level 2. HP: 40/40 MP: 2/2
     6 | D        | Reached XP level 3. HP: 46/46 MP: 3/3
     9 | D        | Noticed an ogre
    19 | D        | Killed an ogre
    19 | D        | Reached skill level 10 in Fighting
    19 | D        | Reached skill level 5 in Maces & Flails
    19 | D        | Reached XP level 4. HP: 41/62 MP: 4/4
   118 | D        | Noticed Sigmund
   122 | D        | Killed Sigmund
   122 | D        | Reached ** piety under Trog
   122 | D        | Reached skill level 13 in Fighting
   122 | D        | Reached XP level 5. HP: 68/76 MP: 5/5
   122 | D        | Reached XP level 6. HP: 76/85 MP: 6/6
   138 | D        | Found an ornate altar of the Wu Jian Council.
   138 | D        | Found a deep blue altar of Sif Muna.
   140 | D        | Found a radiant altar of Vehumet.
   154 | D        | Found Xeijeis's Antique Weapon Emporium.
   154 | D        | Found an ancient bone altar of Kikubaaqudgha.
   154 | D        | Found a hazy altar of Hepliaklqana.
   154 | D        | Found a stormy altar of Qazlal.
   154 | D        | Found a hide-covered altar of Uskayaw.
   154 | D        | Found a blossoming altar of Fedhas.
   154 | D        | Found a bloodstained altar of Trog.
   154 | D        | Found an iron altar of Okawaru.
   154 | D        | Found a basalt altar of Yredelemnul.
   154 | D        | Found a glowing golden altar of the Shining One.
   154 | D        | Found a snail-covered altar of Cheibriados.
   154 | D        | Found a sacrificial altar of Ru.
   154 | D        | Found a glowing silver altar of Zin.
   154 | D        | Found a shadowy altar of Dithmenos.
   154 | D        | Found a white marble altar of Elyvilon.
   154 | D        | Noticed a yak
   156 | D        | Killed a yak
   156 | D        | Reached skill level 14 in Fighting
   157 | D        | Found an opulent altar of Gozag.
   158 | D        | Found a sparkling altar of Nemelex Xobeh.
   194 | D        | Found a viscous altar of Jiyva.
   194 | D        | Found a corrupted altar of Lugonu.
   194 | D        | Noticed a slime creature
   195 | D        | Found a burning altar of Makhleb.
   195 | D        | Found a shimmering altar of Xom.
   204 | D        | HP: 2/89 [slime creature (12)]
   206 | D        | Killed a slime creature
   206 | D        | Reached skill level 15 in Fighting
   206 | D        | Reached XP level 7. HP: 12/100 MP: 7/7
   589 | D        | Noticed Sonja
   647 | D        | Mangled by Sonja

Vault maps used:
D:        dungeon_sprint_1

Skill      XL: |  1  2  3  4  5  6 |
---------------+-------------------+-----
Fighting       | 7 10 13 15 | 15.9
Maces & Flails | 4 5 7 8 |  8.8
Dodging        | |  2.6

Action                   |  1- 3 |  4- 6 |  7- 9 || total
-------------------------+-------+-------+-------++-------
Melee: Mace              |     7 |       |       ||     7
       Giant club        |       |    16 |     3 ||    19
Invok: Trog's Hand       |       |       |     1 ||     1
  Use: Potion            |     2 |     1 |     1 ||     4
Armor: Animal skin       |       |     3 |     1 ||     4
       Skin              |       |       |     4 ||     4
Dodge: Dodged            |     8 |     7 |     5 ||    20

Table legend:
 A = Spawn XP
 B = Non-spawn XP
 C = Spawn XP percentage of total XP
 D = Spawn monster count
 E = Non-spawn monster count
 F = Spawn count percentage of total count
 G = Total turns spent on level
                    A         B        C        D         E        F      G
               +---------+---------+-------+---------+---------+-------+---------
         Total |       0 |     875 |   0.0 |       0 |       6 |   0.0 |   647
               +---------+---------+-------+---------+---------+-------+---------
             D |       0 |     875 |   0.0 |       0 |       6 |   0.0 |   647
               +---------+---------+-------+---------+---------+-------+---------
